 Dungeon Crawl Stone Soup version 0.23-a0-644-gb60d84b (webtiles) character file.

58 Lanoc the Ruffian (level 3, -2/36 HPs)
             Began as a Troll Monk on Jan 2, 2019.
             Slain by Crazy Yiuf
             ... wielding a +3 quarterstaff of chaos
              (12 damage)
             ... on level 2 of the Dungeon.
             The game lasted 00:01:32 (833 turns).

Lanoc the Ruffian (Troll Monk)                       Turns: 833, Time: 00:01:33

Health: -2/36      AC:  5    Str: 20    XL:     3   Next: 76%
Magic:  2/2        EV: 10    Int:  6    God:
Gold:   107        SH:  0    Dex: 12    Spells: 2/2 levels left

rFire    . . .     SeeInvis .     - Unarmed
rCold    . . .     Gourm    +   (no shield)
rNeg     . . .     Faith    .   a - +0 robe
rPois    .         Spirit   .   (helmet restricted)
rElec    .         Reflect  .   (no cloak)
rCorr    .         Harm     .   (gloves unavailable)
MR       .....                  (boots unavailable)
Stlth    ++........             (no amulet)
HPRegen  0.52/turn              (no ring)
MPRegen  0.08/turn              (no ring)

@: no status effects
A: large, unfitting armour, claws 3, fast metabolism 3, gourmand, regeneration
1, shaggy fur 1, tough skin 2
a: no special abilities


You were on level 2 of the Dungeon.
You were not hungry.

You visited 1 branch of the dungeon, and saw 2 of its levels.

You collected 107 gold pieces.

Inventory:

Armour
 a - a +0 robe (worn)
Scrolls
 c - 3 scrolls of immolation {unknown}
 e - a scroll of fear {unknown}
 f - 2 scrolls of identify {unknown}
 g - a scroll of teleportation {unknown}
 i - a scroll of magic mapping {unknown}
Potions
 d - 2 potions of degeneration {unknown}
 h - a potion of invisibility {unknown}
Comestibles
 b - 3 rations
 j - 2 chunks of flesh


   Skills:
 + Level 2.8 Fighting
 + Level 2.8 Dodging
 - Level 1.0 Stealth
 * Level 4.0 Unarmed Combat


You had 2 spell levels left.
You didn't know any spells.
Your spell library was empty.

Dungeon Overview and Level Annotations

Branches:
Dungeon (2/15)

Altars:
Wu Jian

Annotations:
D:2 Crazy Yiuf


Innate Abilities, Weirdness & Mutations

You are too large for most types of armour.
You have claws for hands.
Your metabolism is lightning-fast.
You like to eat raw meat.
Your natural rate of healing is unusually fast.
You are covered in fur. (AC +1)
You have very tough skin. (AC +2)


Message History

Crazy Yiuf the Enlightened comes into view.
He is wielding a +3 quarterstaff of
Found a mace.
There is an open door here.
You scratch Crazy Yiuf.
Crazy Yiuf is lightly wounded.
Crazy Yiuf hits you with a +3 quarterstaff of chaos!
You scratch Crazy Yiuf.
Crazy Yiuf is moderately wounded.
Crazy Yiuf hits you with a +3 quarterstaff of chaos!
You closely miss Crazy Yiuf.
Crazy Yiuf is moderately wounded.
Crazy Yiuf hits you with a +3 quarterstaff of chaos!
Crazy Yiuf freezes you.
* * * LOW HITPOINT WARNING * * *
You closely miss Crazy Yiuf.
Crazy Yiuf is moderately wounded.
You claw Crazy Yiuf!
Crazy Yiuf is almost dead.
Crazy Yiuf hits you with a +3 quarterstaff of chaos!
You die...

#.# #.##.#####.#
#.# #.##.#####.#
#.# #..........##
#.# ###.##.#.....
#.## #.##.#.....
#..# #.##.#.....
##.###♣♣ ####
####.#.....
#.....♣♣ ♣♣#..)#
#.#.....
#......♣♣♣♣.@g..#
..######
##......♣..♣#...#
### ##....♣.♣♣♣
#### #######
###♣♣♣♣♣ ##.....#
####.......
######..........
#.....###.......
##...## #.......
##### #.#####.


You could see Crazy Yiuf.

Vanquished Creatures
  2 adders (D:2)
  A leopard gecko (D:1)
  4 bats
  4 giant cockroaches
  3 goblins (D:1)
  2 hobgoblins (D:1)
  5 jackals
  A ball python (D:2)
  2 frilled lizards (D:1)
  7 kobolds
  8 rats
39 creatures vanquished.

Notes
Turn   | Place    | Note
-------+----------+-------------------------------------------
     0 | D:1      | Lanoc the Troll Monk began the quest for the Orb.
     0 | D:1      | Reached XP level 1. HP: 22/22 MP: 0/0
    69 | D:1      | Reached XP level 2. HP: 27/29 MP: 1/1
   553 | D:2      | Reached XP level 3. HP: 35/36 MP: 2/2
   720 | D:2      | Found an ornate altar of the Wu Jian Council.
   773 | D:2      | Reached skill level 4 in Unarmed Combat
   823 | D:2      | Found a runed door.
   827 | D:2      | Noticed Crazy Yiuf
   833 | D:2      | Slain by Crazy Yiuf

Vault maps used:
D:1:      erik_arrival_blinker_ship, st_stairs_9
D:2:      nicolae_overflow_hidden_temple, uniq_crazy_yiuf_cottage

Skill      XL: |  1  2  3 |
---------------+----------+-----
Unarmed Combat | 4 |  4.0
Fighting       | |  2.8
Dodging        | |  2.8
Stealth        | |  1.0

Action                   || total
-------------------------++-------
Melee: Unarmed           ||   103
       Punch             ||     1
 Stab: Sleeping          ||     3
  Eat: Chunk             ||     6
Armor: Robe              ||    37
Dodge: Dodged            ||    51

Table legend:
 A = Non-vault XP
 B = Vault XP
 C = Vault XP percentage of total XP
 D = Non-vault monster count
 E = Vault monster count
 F = Vault count percentage of total count
                 A         B        C        D         E       F
            +---------+---------+-------+---------+---------+-------
      Total |      77 |       7 |   8.3 |      35 |       4 |  10.3
            +---------+---------+-------+---------+---------+-------
        D:1 |      32 |       7 |  17.9 |      20 |       4 |  16.7
        D:2 |      45 |       0 |   0.0 |      15 |       0 |   0.0
            +---------+---------+-------+---------+---------+-------
